 Dungeon Crawl Stone Soup version 0.27-a0-1084-g78b3836a5f (webtiles) character file.

Game seed: 5950853847376385991

2693 1player the Geomancer (level 9, 20/55 HPs)
             Began as a Gargoyle Earth Elementalist on Apr 26, 2021.
             Quit the game on level 6 of the Dungeon.
             The game lasted 00:21:33 (8330 turns).

1player the Geomancer (Gargoyle Earth Elementalist) Turns: 8330, Time: 00:21:34

Health: 20/55      AC: 15    Str: 12    XL:     9   Next: 65%
Magic:  2/12       EV: 14    Int: 25    God:
Gold:   154        SH:  4    Dex: 10    Spells: 8/14 levels left

rFire    . . .     SeeInvis .   t - +2 spear (venom)
rCold    . . .     Faith    .   u - +0 buckler
rNeg     + . .     Spirit   .   A - +0 ring mail
rPois    ∞         Reflect  .   y - +0 helmet
rElec    +         Harm     .   z - +0 cloak
rCorr    .         Rampage  .   (no gloves)
Will     .....     Clarity  +   (no boots)
Stlth    +.........             (no amulet)
HPRegen  0.18/turn              h - +6 ring of intelligence
MPRegen  0.13/turn              x - +4 ring of evasion

@: no status effects
A: AC +6, negative energy resistance 1, electricity resistance, torment
resistance 1, unbreathing 1, petrification resistance, clarity, low mp 1
a: no special abilities


You were on level 6 of the Dungeon.
You visited 2 branches of the dungeon, and saw 7 of its levels.

You collected 258 gold pieces.
You spent 104 gold pieces at shops.

Inventory:

Hand Weapons
 t - a +2 spear of venom (weapon)
Missiles
 b - 10 stones
 r - 7 javelins
Armour
 u - a +0 buckler (worn)
 v - a +0 leather armour
 y - a +0 helmet (worn)
 z - a +0 cloak (worn)
 A - a +0 ring mail (worn)
Jewellery
 h - a +6 ring of intelligence (left hand)
 x - a +4 ring of evasion (right hand)
Wands
 m - a wand of digging (7)
 w - a wand of flame (19)
Scrolls
 d - 4 scrolls of teleportation
 n - a scroll of noise {unknown}
 o - a scroll of enchant armour
 p - a scroll of brand weapon {unknown}
 s - a scroll of holy word {unknown}
 B - a scroll of identify {unknown}
Potions
 f - 2 potions of attraction {unknown}
 g - 2 potions of curing {unknown}
 i - 2 potions of haste {unknown}
 k - a potion of heal wounds {unknown}
 l - 2 potions of mutation {!q}


   Skills:
 + Level 6.2 Fighting
 - Level 7.0 Armour
 - Level 1.5 Dodging
 - Level 2.1 Stealth
 - Level 4.0 Shields
 - Level 3.0 Spellcasting
 - Level 6.0 Conjurations
 - Level 0.7 Transmutations
 + Level 8.0 Earth Magic


You had 8 spell levels left.
You knew the following spells:

 Your Spells              Type           Power      Damage    Failure   Level
a - Passwall              Tmut/Erth      20%        N/A       4%          2
q - Sandblast             Erth           88%        2d18      1%          1
w - Stone Arrow           Conj/Erth      78%        3d11      3%          3

Your spell library contained the following spells:

 Spells                   Type           Power      Damage    Failure   Level
 Lee's Rapid Deconstruct  Erth           22%        3d13*     21%         5
 Petrify                  Tmut/Erth      25%        N/A       32%         4


Dungeon Overview and Level Annotations

Branches:
Dungeon (6/15)             Temple (1/1) D:5

Altars:
Ashenzari
Cheibriados
Dithmenos
Elyvilon
Fedhas
Hepliaklqana
Kikubaaqudgha
Makhleb
Okawaru
Ru
Trog
Uskayaw
Wu Jian
Xom
Yredelemnul
The Shining One

Shops:
D:3 [[!(?

Portals:
Abyss: D:5

Annotations:
D:5 2 transporters, nht's ghost, novice MiHu
D:6 Duvessa


Innate Abilities, Weirdness & Mutations

Your stone body is resilient. (AC +6)
You are immune to poison.
You resist negative energy. (rN+)
You are resistant to electric shocks. (rElec)
You are resistant to unholy torment.
You can survive without breathing.
You are immune to petrification.
You possess an exceptional clarity of mind.
Your magical capacity is low. (-10% MP)


Message History

a +0 dagger; a +2 robe of positive energy
Casting: Stone Arrow (dangerous; 3% risk of failure)
Confirm with . or Enter, or press ? or * to list all spells.
Aiming: Sandblast (safe; 1% risk of failure)
Press: ? - help, Shift-Dir - straight line, f/p - Duvessa
Aim: Duvessa, wielding a +2 short sword of holy wrath, wearing a +0 leather armour and carrying a wand of flame (19) (severely wounded, slow, 85% to hit)
The blast of sand hits Duvessa but does no damage.
Duvessa is severely wounded.
Casting: Sandblast (safe; 1% risk of failure)
Confirm with . or Enter, or press ? or * to list all spells.
Aiming: Sandblast (safe; 1% risk of failure)
Press: ? - help, Shift-Dir - straight line, f/p - Duvessa
Aim: Duvessa, wielding a +2 short sword of holy wrath, wearing a +0 leather armour and carrying a wand of flame (19) (severely wounded, slow, 85% to hit)
The blast of sand misses Duvessa.
The blast of sand hits the hound!
The hound is heavily wounded.
You block Duvessa's attack.
Casting: Sandblast (safe; 1% risk of failure)
Confirm with . or Enter, or press ? or * to list all spells.
Aiming: Sandblast (safe; 1% risk of failure)
Press: ? - help, Shift-Dir - straight line, f/p - Duvessa
Aim: Duvessa, wielding a +2 short sword of holy wrath, wearing a +0 leather armour and carrying a wand of flame (19) (severely wounded, slow, 85% to hit)
The blast of sand misses Duvessa.
The blast of sand hits the hound.
The hound is heavily wounded.
You block Duvessa's attack.
You barely miss Duvessa.
Duvessa is severely wounded.
You hit Duvessa.
Duvessa is poisoned.
Duvessa is severely wounded.
Duvessa hits you with a +2 short sword of holy wrath.
You barely miss Duvessa.
Duvessa is almost dead.
Duvessa zaps a wand.
The puff of flame hits you!
Duvessa zaps a wand.
The puff of flame hits you.
It was a potion of mutation.
You feel extremely strange.
You feel less energetic.
Your thoughts seem clearer.
Okay, then.
Unknown command.
Are you sure you want to abandon this character and quit the game? (Confirm with "yes".)

#######..###)#
#........# #.# #
#.####...# #.# .# #
#.#......###.# #)#
.# #.#..#†#.....#
#!#
.###.#.##.#.#######
#.# #.... #....#.#
#.#†.# ########.#
#####Z.# #.Zhe)@..#
.....h## #.########
....#.# #.#
#####.#####.#
#...Z..Z# #.#######
###


You could see Duvessa (very poisoned, slow), a hound and a wyvern skeleton.

Vanquished Creatures
  6 yaks (D:5)
  Menkaure (D:5)
  A sky beast (D:5)
  An ice beast (D:5)
  A phantom (D:4)
  A gnoll sergeant (D:3)
  2 scorpions
  A water moccasin zombie (D:5)
  Dowan (D:6)
  A wight (D:6)
  A howler monkey (D:3)
  A centaur zombie (D:5)
  A bullfrog zombie (D:5)
  7 hounds
  A centaur skeleton (D:5)
  3 gnoll shamans
  3 orc priests (D:3)
  Crazy Yiuf (D:4)
  Ijyb (D:3)
  Natasha (twice) (D:3)
  3 iguanas
  An orc wizard (D:3)
  A hound skeleton (D:5)
  A howler monkey zombie (D:5)
  19 gnolls
  3 adders
  3 dart slugs
  30 orcs
  6 ball pythons
  7 endoplasms
  4 giant cockroaches
  14 goblins
  6 hobgoblins
  17 jackals
  3 kobolds
  3 quokkas
  4 bats
  3 frilled lizards
  4 rats
169 creatures vanquished.

Vanquished Creatures (others)
  6 plants (D:3)
6 creatures vanquished.

Grand Total: 175 creatures vanquished

Notes
Turn   | Place    | Note
-------+----------+-------------------------------------------
     0 | D:1      | 1player the Gargoyle Earth Elementalist began the quest for
                  | the Orb.
     0 | D:1      | Reached XP level 1. HP: 10/10 MP: 3/3
   206 | D:1      | Reached skill level 1 in Fighting
   206 | D:1      | Reached XP level 2. HP: 16/16 MP: 3/5
   238 | D:1      | Reached skill level 4 in Earth Magic
   654 | D:1      | Reached XP level 3. HP: 21/21 MP: 3/6
   768 | D:1      | Learned a level 2 spell: Passwall
  1164 | D:2      | Reached skill level 1 in Conjurations
  1473 | D:2      | Reached XP level 4. HP: 27/27 MP: 5/7
  1774 | D:3      | Noticed Natasha
  1779 | D:3      | Killed Natasha
  1830 | D:3      | Found Cemilov's Weapon Shoppe.
  1962 | D:3      | Bought 22 stones for 26 gold pieces
  2090 | D:3      | Learned a level 3 spell: Stone Arrow
  2116 | D:3      | Found Ekke's Antique Armour Shop.
  2188 | D:3      | Noticed Ijyb
  2380 | D:3      | Reached XP level 5. HP: 32/32 MP: 6/8
  2667 | D:3      | Found Zyidudan's Magic Scroll Boutique.
  2683 | D:3      | Bought a scroll of teleportation for 39 gold pieces
  2683 | D:3      | Bought a scroll of teleportation for 39 gold pieces
  3125 | D:3      | Found Igair's Distillery.
  3139 | D:3      | Reached XP level 6. HP: 34/38 MP: 4/9
  3139 | D:3      | Found Jiyrgh's Antique Armour Shoppe.
  3839 | D:3      | Found a runed translucent door.
  3839 | D:3      | Noticed Natasha
  3839 | D:3      | Noticed Crazy Yiuf
  3847 | D:3      | Killed Natasha
  4121 | D:3      | Reached skill level 5 in Fighting
  4303 | D:3      | Reached XP level 7. HP: 31/44 MP: 1/11
  4516 | D:3      | Reached skill level 1 in Shields
  4973 | D:3      | Killed Ijyb
  5710 | D:4      | Killed Crazy Yiuf
  5832 | D:4      | Reached XP level 8. HP: 51/51 MP: 8/12
  6579 | D:5      | Entered Level 5 of the Dungeon
  6588 | D:5      | Reached skill level 1 in Armour
  6608 | D:5      | Found an iron altar of Okawaru.
  6610 | D:5      | Found a basalt altar of Yredelemnul.
  6610 | D:5      | Found a blossoming altar of Fedhas.
  6663 | D:5      | Found a shimmering altar of Xom.
  6678 | D:5      | Found a bloodstained altar of Trog.
  6683 | D:5      | Found a staircase to the Ecumenical Temple.
  6689 | Temple   | Entered the Ecumenical Temple
  6854 | D:5      | Found a snail-covered altar of Cheibriados.
  7024 | D:5      | Noticed Menkaure
  7042 | D:5      | Killed Menkaure
  7043 | D:5      | Reached skill level 5 in Earth Magic
  7178 | D:5      | Reached skill level 5 in Conjurations
  7381 | D:5      | Reached skill level 5 in Armour
  7463 | D:5      | Reached skill level 6 in Earth Magic
  7648 | D:5      | Reached XP level 9. HP: 55/55 MP: 9/13
  7668 | D:5      | Noticed nht's ghost (novice MiHu)
  7697 | D:5      | Found a one-way gate to the infinite horrors of the Abyss.
  7723 | D:5      | Found a transporter.
  7788 | D:5      | Reached skill level 7 in Earth Magic
  7991 | D:5      | Found a transporter.
  8169 | D:6      | Noticed Dowan
  8190 | D:6      | Killed Dowan
  8292 | D:6      | Reached skill level 8 in Earth Magic
  8298 | D:6      | Noticed Duvessa
  8329 | D:6      | Gained mutation: Your magical capacity is low. (-10% MP)
                  | [potion of mutation]
  8329 | D:6      | Gained mutation: You possess an exceptional clarity of
                  | mind. [potion of mutation]
  8330 | D:6      | Quit the game

Illustrated notes

Levels and vault maps discovered:
D:1:      ncdulo_lavacross, layout_rooms
D:2:      layout_loops_corners, minivault_4, corexii_shack
D:3:      lemuel_castle_with_subvaults [lemuel_castle_interior_carwin_3],
          layout_basic, serial_shops, shop, nicolae_shop_trees, shop_fountains,
          shop, shop, uniq_ijyb, uniq_natasha, uniq_crazy_yiuf_cottage
D:4:      layout_loops_ring
D:5:      layout_rooms, grunt_temple_overflow_open, minmay_temple_entry_hall,
          gammafunk_ghost_abyssal_escape, grunt_ministairs_4,
          minmay_stone_trees_small, uniq_menkaure
D:6:      layout_basic, grunt_temple_overflow_gold_and_silver, minivault_25,
          minmay_circle_x, uniq_sigmund, uniq_duvessa
Temple:   cyrus_temple_forest

Skill      XL: |  1  2  3  4  5  6  7  8  9 |
---------------+----------------------------+-----
Fighting       | 1 2 3 4 5 6 |  6.2
Earth Magic    | 4 6 8 |  8.0
Conjurations   | 1 2 3 4 5 6 |  6.0
Spellcasting   | 3 |  3.0
Shields        | 4 |  4.0
Armour         | 5 7 |  7.0
Dodging        | |  1.5
Stealth        | |  2.1
Transmutations | |  0.7

Action                   |  1- 3 |  4- 6 |  7- 9 || total
-------------------------+-------+-------+-------++-------
Melee: Dagger            |    16 |    47 |       ||    63
       Spear             |       |     8 |    91 ||    99
 Cast: Sandblast         |    40 |    88 |   110 ||   238
       Stone Arrow       |       |    11 |    39 ||    50
Evoke: Wand              |       |       |     1 ||     1
  Use: Scroll            |     1 |     2 |     2 ||     5
       Potion            |       |       |     1 ||     1
Armor: Robe              |    11 |    40 |     8 ||    59
       Leather armour    |       |       |     4 ||     4
       Ring mail         |       |       |    41 ||    41
Dodge: Dodged            |    12 |    59 |    96 ||   167
Block: Buckler           |       |       |    41 ||    41

Table legend: (Time is in decaauts)
 A = Elapsed time spent in this place.
 B = Non-inter-level travel time spent in this place.
 C = Inter-level travel time spent in this place.
 D = Time resting spent in this place.
 E = Time spent auto-exploring this place.
 F = Levels seen in this place.
 G = Mean time per level.
                   A        B        C        D        E       F      G
               +--------+--------+--------+--------+--------+-----+--------+
         Total |   8341 |   8083 |    258 |   2703 |   3190 |   7 | 1191.6 |
       Dungeon |   8183 |   7964 |    219 |   2632 |   3143 |   6 | 1363.8 |
        Temple |    158 |    119 |     39 |     71 |     47 |   1 |  158.0 |
               +--------+--------+--------+--------+--------+-----+--------+

Top non-repeatable levels by time:
     D:3: 3805 daAuts
     D:5: 1336 daAuts
     D:4: 1033 daAuts
     D:2: 977 daAuts
     D:1: 797 daAuts
     D:6: 233 daAuts
  Temple: 158 daAuts
